Match 45492886
Unlisted

Match 45492886
End
Royal Engineer Section
Construct Section Command Post
Selects Canadian Shock Battlegroup
Infantry Section
Infantry Section
Infantry Section
Construct Platoon Command Post
Humber Armored Car
Selects Attacking Spirit
Construct Field Infirmary
Selects Canadian Shock Section
Selects Incendiary Munitions
Unlock M3 Stuart Light Tanks
M3 Stuart Light Tank
M3 Stuart Light Tank
Infantry Section
Makros
Markov666
0
0

Comments sign in to comment!

No comments posted yet!